 Dungeon Crawl Stone Soup version 0.25.0-37-gb73750e0fb (console) character file.

Game seed: 3337936671014135570

86 Kagalorn the Chucker (level 4, 0/35 HPs)
             Began as a Merfolk Hunter on July 8, 2020.
             Slain by an adder (4 damage)
             ... on level 3 of the Dungeon.
             The game lasted 00:06:05 (1903 turns).

Kagalorn the Chucker (Merfolk Hunter)               Turns: 1903, Time: 00:06:06

Health: 0/35       AC:  6    Str: 13    XL:     4   Next: 49%
Magic:  4/4        EV: 10    Int: 10    God:
Gold:   112        SH:  0    Dex: 14    Spells: 3/3 levels left

rFire    . . .     SeeInvis .   a - +0 spear
rCold    . . .     Gourm    .   (no shield)
rNeg     . . .     Faith    .   p - +0 scale mail
rPois    .         Spirit   .   (no helmet)
rElec    .         Reflect  .   (no cloak)
rCorr    .         Harm     .   (no gloves)
MR       .....                  (no boots)
Stlth    +.........             (no amulet)
HPRegen  0.11/turn              (no ring)
MPRegen  0.09/turn              (no ring)

@: no status effects
A: change form in water, swift swim, stealthy swim
a: no special abilities


You were on level 3 of the Dungeon.
You were hungry.

You visited 1 branch of the dungeon, and saw 3 of its levels.

You collected 112 gold pieces.

Inventory:

Hand Weapons
 a - a +0 spear (weapon)
Missiles
 d - 2 throwing nets (quivered)
 h - 106 stones
 k - 31 sling bullets
 t - 2 boomerangs
Armour
 p - a +0 scale mail (worn)
Scrolls
 j - 2 scrolls of fear {unknown}
 m - a scroll of teleportation {unknown}
 q - 3 scrolls of remove curse
 r - a scroll of random uselessness {unknown}
 u - a scroll of enchant weapon {unknown}
Potions
 b - a potion of invisibility {unknown}
 g - a potion of stabbing {unknown}
 i - a potion of ambrosia
 l - a potion of curing
 n - a potion of cancellation
 s - a potion of heal wounds
 v - a potion of degeneration
Comestibles
 f - 4 rations
 o - 5 chunks of flesh


   Skills:
 + Level 3.0 Fighting
 * Level 2.6 Polearms
 + Level 4.4 Throwing
 + Level 3.7 Dodging
 - Level 2.0 Stealth


You had 3 spell levels left.
You didn't know any spells.
Your spell library was empty.

Dungeon Overview and Level Annotations

Branches:
Dungeon (3/15)

Altars:


Message History

The adder is moderately wounded.
The adder bites you but does no damage.
Okay, then.
Quiver which item? (- for none, * to show all) (? for menu, Esc to quit)
Okay, then.
You feel sick. The adder closely misses you.
Okay, then.
As you read the scroll of identify, it crumbles to dust.
s - a potion of heal wounds The adder bites you but does no damage.
As you read the scroll of identify, it crumbles to dust.
n - a potion of cancellation The adder barely misses you.
As you read the scroll of identify, it crumbles to dust.
i - a potion of ambrosia The adder closely misses you.
You feel sick.
You are no longer poisoned.
The adder bites you.
You die...

.#.........###..##..............#
......>......#..##..........#####
.#.........#.#..##..........#
............................#
............###. #...†)...##
................###....(...##
).....(....####..#..........#
..........## #..#..........#
......(..## #.@#..........#
.....#.#########S#..........#
.....#.†##....(.............#
.....##.##.....w...........##
...#.##............)÷.....##
.###..####.........<)..#### . ##.
...........#...#
..#.........##### ##.........>.#


You could see a worm and an adder.

Vanquished Creatures
  4 adders
  A leopard gecko (D:1)
  An orc (D:3)
  2 ball pythons
  3 giant cockroaches
  7 goblins
  8 hobgoblins
  5 kobolds
  A quokka (D:3)
  5 bats
  A frilled lizard (D:1)
  6 rats
44 creatures vanquished.

Notes
Turn   | Place    | Note
-------+----------+-------------------------------------------
     0 | D:1      | Kagalorn the Merfolk Hunter began the quest for the Orb.
     0 | D:1      | Reached XP level 1. HP: 16/16 MP: 1/1
   270 | D:1      | Reached XP level 2. HP: 23/23 MP: 2/2
  1203 | D:2      | Reached XP level 3. HP: 28/28 MP: 3/3
  1292 | D:2      | Found a faded altar of an unknown god.
  1484 | D:2      | Reached skill level 1 in Polearms
  1738 | D:3      | HP: 1/28 [poisoned by an adder]
  1741 | D:3      | Reached XP level 4. HP: 11/34 MP: 4/4
  1903 | D:3      | Slain by an adder

Illustrated notes

Levels and vault maps discovered:
D:1:      dpeg_arrival_simpleton_c, layout_basic
D:2:      layout_basic, first_ration, chequers_ecumenical_altar_grove
D:3:      layout_rooms, cheibrodos_sewer_entry_sluice

Skill      XL: |  1  2  3  4 |
---------------+-------------+-----
Dodging        | 3 |  3.7
Stealth        | 2 |  2.0
Polearms       | 2 |  2.6
Fighting       | 3 |  3.0
Throwing       | |  4.4

Action                   |  1- 3 |  4- 6 || total
-------------------------+-------+-------++-------
Melee: Short sword       |    74 |       ||    74
       Spear             |   134 |    15 ||   149
Throw: Javelin           |       |     9 ||     9
  Use: Potion            |     1 |       ||     1
       Scroll            |       |     5 ||     5
 Stab: Sleeping          |     1 |       ||     1
  Eat: Chunk             |     3 |       ||     3
Armor: Leather armour    |    14 |       ||    14
       Scale mail        |    78 |    16 ||    94
Dodge: Dodged            |   164 |    20 ||   184
